 Dungeon Crawl Stone Soup version 0.28.0 (webtiles) character file.

Game seed: 2903252160075148386

70 Jerry the Covered (level 3, -4/31 HPs)
             Began as a Demigod Fighter on Feb 9, 2022.
             Slain by a sixfirhy (12 damage)
             ... on level 1 of the Abyss.
             The game lasted 00:03:47 (2218 turns).

Jerry the Covered (Demigod Fighter)                 Turns: 2218, Time: 00:03:48

Health: -4/31      AC:  8    Str: 23    XL:     3   Next: 77%
Magic:  5/5        EV:  9    Int: 10    God:
Gold:   53         SH:  4    Dex: 13    Spells: 2/2 levels left

rFire   . . .      SeeInvis .   a - +0 flail
rCold   . . .      Faith    .   c - +0 buckler
rNeg    . . .      Spirit   .   b - +0 scale mail
rPois   .          Reflect  .   (no helmet)
rElec   .          Harm     .   (no cloak)
rCorr   .          Rampage  .   j - +0 pair of gloves
Will    .....      Rnd*Tele +   (no boots)
Stlth   ..........              (no amulet)
HPRegen 0.10/turn               k - +6 ring of strength
MPRegen 0.09/turn               (no ring)

@: no status effects
A: high MP 1, forlorn, divine attributes, [teleportitis 2], [weak 2]
a: no special abilities


You were on level 1 of the Abyss.
You visited 1 branch of the dungeon, and saw 3 of its levels.
You visited the Abyss 1 time.

You collected 53 gold pieces.

Inventory:

Hand Weapons
 a - a +0 flail (weapon)
Armour
 b - a +0 scale mail (worn)
 c - a +0 buckler (worn)
 j - a +0 pair of gloves (worn)
Jewellery
 k - a +6 ring of strength (left hand)
Scrolls
 f - 2 scrolls of identify {unknown}
 g - a scroll of blinking {unknown}
 i - 2 scrolls of vulnerability {unknown}
 l - a scroll of immolation {unknown}
 n - a scroll of fear {unknown}
Potions
 d - a potion of might
 e - 2 potions of flight {unknown}
 h - a potion of haste {unknown}
 m - a potion of curing {unknown}


   Skills:
 + Level 3.2 Fighting
 + Level 2.4 Maces & Flails
 + Level 3.2 Armour
 + Level 3.2 Shields


You had 2 spell levels left.
You didn't know any spells.
Your spell library contained the following spells:

 Spells                   Type           Power      Damage    Failure   Level
 Stone Arrow              Conj/Erth      0%         3d7       98%         3
 Animate Armour           Summ/Erth      0%         N/A       100%        4
 Borgnjor's Revivificati  Necr           0%         N/A       100%        8
 Lehudib's Crystal Spear  Conj/Erth      0%         10d2      100%        8
 Necromutation            Tmut/Necr      0%         N/A       100%        8
 Death's Door             Necr           0%         N/A       100%        9


Dungeon Overview and Level Annotations

Branches:
Dungeon (3/15)

Shops:
D:1 *


Innate Abilities, Weirdness & Mutations

You have an increased reservoir of magic. (+10% MP)
You shall have no god before yourself.
Your divine heritage dramatically boosts your attributes as you level up.
[You are sometimes teleported next to monsters.]
[You are very weak. (Str -4)]


Message History

The ball python barely misses you. The ball python grabs you.
The ball python constricts you.
You sock the ball python!
You kill the ball python!
No target in view!
No target in view!
A bat comes into view.
You block the bat's attack. The bat hits you.
You sock the bat!
You kill the bat!
No target in view!
No target in view!
You see here a bat corpse.
A goblin comes into view.
It is wielding a +1 dagger of distortion.
The goblin hits you but does no damage.
You are cast into the Abyss!
This branch contains the abyssal rune of Zot.
Found a corrupted altar of Lugonu.
There is a corrupted altar of Lugonu here.
A being of your status worships no god.
The chaos spawn roars deafeningly!
The chaos spawn ululates chillingly with its many mouths.
A sixfirhy comes into view.
The wretched star pulses with an eldritch light!
You feel weirdly uncertain.
You feel even more weirdly uncertain.
The sixfirhy hits you but does no damage.
You block the sixfirhy's attack. The sixfirhy barely misses you.
The sixfirhy closely misses you.
A hell hog comes into view.
A hell hog comes into view.
The sixfirhy hits you. The sixfirhy shocks you!
The sixfirhy barely misses you. x2
The wretched star pulses with an eldritch light!
You feel weaker. x2
You block the sixfirhy's attack.
The wretched star pulses with an eldritch light!
Found a gateway leading deeper into the Abyss.
The sixfirhy hits you!
* * * LOW HITPOINT WARNING * * *
The sixfirhy shocks you!
You die...

.............. .. #..
#..# ..## .# .
##..##..##..##..# >.#
#.h.#..#.........#
...#..#.....##.####.#
.........#.#...#.#...
#..#..#§.§.##.# # .
.##.#.#.3.....# ..
.......@####### ..
.#...#.## ... #....#
##.#. # . #. . ..


You could see a hell hog and a sixfirhy.

Vanquished Creatures
  2 adders (D:2)
  3 worms
  A dart slug (D:3)
  2 bats
  3 endoplasms
  5 giant cockroaches
  5 hobgoblins
  A kobold (D:1)
  2 quokkas
  2 ball pythons
  2 frilled lizards (D:2)
  7 goblins
  2 rats (D:1)
37 creatures vanquished.

Notes
Turn   | Place    | Note
-------+----------+-------------------------------------------
     0 | D:1      | Jerry the Demigod Fighter began the quest for the Orb.
     0 | D:1      | Reached XP level 1. HP: 18/18 MP: 3/3
   241 | D:1      | Reached XP level 2. HP: 15/25 MP: 4/4
   706 | D:1      | Found Ecsomiw's Assorted Antiques.
   981 | D:2      | Reached XP level 3. HP: 31/31 MP: 5/5
  2150 | D:3      | Cast into level 1 of the Abyss (goblin)
  2187 | Abyss:1  | Noticed a wretched star
  2187 | Abyss:1  | Noticed a chaos spawn
  2204 | Abyss:1  | Noticed a sixfirhy
  2212 | Abyss:1  | Noticed a hell hog
  2212 | Abyss:1  | Noticed a hell hog
  2218 | Abyss:1  | Slain by a sixfirhy

Illustrated notes

Levels and vault maps discovered:
D:1:      dpeg_arrival_pits, layout_basic, serial_shops, nicolae_shop_stone
D:2:      layout_basic, basic_altar, dilly_ecumenical_altar_fadedgnrine
D:3:      layout_basic
Abyss:1:  base: D:1, minivault_19

Skill      XL: |  1  2 |
---------------+-------+-----
Maces & Flails | 2 |  2.4
Fighting       | 3 |  3.2
Armour         | 3 |  3.2
Shields        | 3 |  3.2

Action                   || total
-------------------------++-------
Melee: Flail             ||   134
Armor: Scale mail        ||    60
Dodge: Dodged            ||    58
Block: Buckler           ||    25
